 Dungeon Crawl Stone Soup version 0.31.0-12-g77e489cdc1 (webtiles) character file.

Game seed: 14251121368850915206

254 hawla the Chucker (level 5, 0/45 HPs)
             Began as a Minotaur Gladiator on Feb 11, 2024.
             Slain by an adder (2 damage)
             ... on level 2 of the Dungeon.
             The game lasted 00:03:16 (1330 turns).

hawla the Chucker (Minotaur Gladiator)              Turns: 1330, Time: 00:03:17

Health: 0/45       AC:  3    Str: 20 (21) XL:     5   Next: 91%
Magic:  4/4        EV: 12    Int:  3 (5)  God:
Gold:   63         SH:  0    Dex: 10 (11) Spells: 4/4 levels left

rFire   . . .        a - +0 long sword (heavy)
rCold   . . .        (no shield)
rNeg    . . .        b - +0 leather armour
rPois   .            c - +0 hat
rElec   .            (no cloak)
rCorr   .            (no gloves)
SInv    .            (no boots)
Will    .....        (no amulet)
Stlth   +            (no ring)
HPRegen 0.27/turn    (no ring)
MPRegen 0.09/turn

%: no passive effects
@: lethally poisoned (0 -> -5)
A: horns 2, retaliatory headbutt
a: no special abilities


You were on level 2 of the Dungeon.
You visited 1 branch of the dungeon, and saw 2 of its levels.

You collected 63 gold pieces.

Inventory:

Hand Weapons
 a - a +0 heavy long sword (weapon)
Missiles
 d - 3 throwing nets (quivered)
Armour
 b - a +0 leather armour (worn)
 c - a +0 hat (worn)
Jewellery
 h - an amulet of regeneration
Scrolls
 f - 2 scrolls of fear {unknown}
 g - a scroll of teleportation {unknown}
Potions
 j - a potion of haste


   Skills:
 - Level 3.0 Fighting
 - Level 3.6 Long Blades
 + Level 4.4 Throwing
 - Level 4.0 Armour
 - Level 4.0 Dodging


You had 4 spell levels left.
You didn't know any spells.
Your spell library was empty.

Dungeon Overview and Level Annotations

Branches:
Dungeon (2/15)

Altars:


Innate Abilities, Weirdness & Mutations

You have a pair of horns on your head.
You reflexively headbutt those who attack you in melee.


Message History

You are more poisoned.
The adder poisons you! The adder misses you.
You closely miss the adder.
The adder is lightly wounded.
You feel very sick. The adder bites you. The adder misses you.
You closely miss the adder. Your headbutt misses the adder.
The adder is lightly wounded.
You feel very sick. The adder bites you. The adder closely misses you.
You furiously retaliate!
You headbutt the adder! The adder closely misses you.
You miss the adder. Your headbutt misses the adder.
The adder is almost dead.
You feel sick. The adder bites you.
You are more poisoned.
The adder poisons you! The adder barely misses you.
You barely miss the adder.
The adder is almost dead.
You feel very sick. The adder bites you. The adder closely misses you.
You miss the adder.
The adder is almost dead.
You feel sick. The adder bites you.
* * * LOW HITPOINT WARNING * * *
You are more poisoned.
The adder poisons you!
The adder bites you but does no damage. x2
It was a potion of degeneration.
There was something very wrong with that liquid.
You feel weakened.
You feel dopey.
You feel clumsy.
* * * LOW HITPOINT WARNING * * *
You feel very sick. The adder bites you.
* * * LOW HITPOINT WARNING * * *
Okay, then.
You miss the adder. Your headbutt misses the adder.
The adder is almost dead.
* * * LOW HITPOINT WARNING * * *
You feel very sick. The adder bites you.
You die...

#.####.# ..........#
#.<....# ##
#####...#.#
#..###.... ..
#...#.##### ####..# #
. #. #..>......#
......###.##.##.##
#...#......
####.#...........#
#########.# .
...#.##.##.##..# #.#
######.##.##.##.S#
#.# # ##...#.......@#
#.# #
##.###.###.###.# #.#
###.## #.##.# #.###
#.# ##..# #....#
#...### #.#
##..#####..## #.#...#
#.# ##.#.##....##
###...# # #
##.##...#...##
##...## #.#
##.###.###...###...##
#..
##.......##...8...##
#..


You could see an adder.

Vanquished Creatures
  Sigmund (D:2)
  A scorpion (D:2)
  An adder (D:2)
  A dart slug (D:2)
  2 ball pythons (D:2)
  3 bats
  An endoplasm (D:2)
  2 giant cockroaches
  4 goblins
  A hobgoblin (D:2)
  4 jackals (D:1)
  4 kobolds (D:1)
  A quokka (D:1)
  A rat (D:2)
27 creatures vanquished.

Vanquished Creatures (others)
  A bat (D:2)
1 creature vanquished.

Grand Total: 28 creatures vanquished

Notes
Turn   | Place    | Note
-------+----------+-------------------------------------------
     0 | D:1      | hawla the Minotaur Gladiator began the quest for the Orb.
     0 | D:1      | Reached XP level 1. HP: 18/18 MP: 0/0
   374 | D:1      | Reached XP level 2. HP: 25/26 MP: 1/1
   377 | D:1      | Reached skill level 1 in Armour
   914 | D:2      | Noticed a scorpion
   922 | D:2      | Killed a scorpion
   923 | D:2      | Reached XP level 3. HP: 11/31 MP: 2/2
   923 | D:2      | Reached XP level 4. HP: 13/38 MP: 3/3
  1071 | D:2      | Found a faded altar of an unknown god.
  1092 | D:2      | Noticed Sigmund
  1099 | D:2      | Killed Sigmund
  1100 | D:2      | Reached XP level 5. HP: 37/45 MP: 4/4
  1330 | D:2      | HP: 2/45 [poisoned by an adder]
  1330 | D:2      | Slain by an adder

Illustrated notes

Levels and vault maps discovered:
D:1:      minmay_arrival_three_doors, layout_loops_corners, st_stairs_5,
          minmay_misc_feat_pillars, fountainhead, minmay_misc_feat_more_columns,
          minmay_misc_feat_tower, corexii_corridor_pit, feat_on_display
D:2:      layout_loops_ring, hellmonk_ecumenical_altar_crossroads,
          grunt_decor_one_mirror, uniq_terence, uniq_sigmund

Skill      XL: |  1  2  3  4 |
---------------+-------------+-----
Fighting       | 3 |  3.0
Armour         | 3 4 |  4.0
Dodging        | 4 |  4.0
Throwing       | 4 |  4.4
Long Blades    | |  3.6

Action                     |  1- 3 |  4- 6 || total
---------------------------+-------+-------++-------
  Melee: Long sword        |    31 |    26 ||    57
         Headbutt          |     6 |     3 ||     9
    Use: Scroll            |       |     4 ||     4
         Potion            |       |     1 ||     1
 Armour: Leather armour    |    20 |    23 ||    43
  Dodge: Dodged            |    26 |    16 ||    42
